 Dungeon Crawl Stone Soup version 0.25-a0-1119-g28b6fd0c3b (webtiles) character file.

Game seed: 8197885271681801066, levelgen mode: deterministic

28 vurker the Sneak (level 3, -4/18 HPs)
             Began as a Vine Stalker Assassin on May 17, 2020.
             Killed from afar by a dart slug (5 damage)
             ... with a slug dart
             ... on level 1 of the Dungeon.
             The game lasted 00:01:17 (809 turns).

vurker the Sneak (Vine Stalker Assassin)             Turns: 809, Time: 00:01:17

Health: -4/18      AC:  3    Str: 14    XL:     3   Next: 12%
Magic:  0/4        EV: 11    Int: 11    God:
Gold:   77         SH:  0    Dex: 15    Spells: 2/2 levels left

rFire    . . .     SeeInvis .   a - +2 dagger
rCold    . . .     Gourm    .   (no shield)
rNeg     . . .     Faith    .   b - +0 robe
rPois    .         Spirit   +   (no helmet)
rElec    .         Reflect  .   c - +0 cloak
rCorr    .         Harm     .   (no gloves)
MR       .....                  (no boots)
Stlth    +++.......             (no amulet)
HPRegen  0.06/turn              (no ring)
MPRegen  0.09/turn              (no ring)

@: no status effects
A: fangs 2, magic shield, antimagic bite, no potion heal 3, rot immunity
a: no special abilities


You were on level 1 of the Dungeon.
You were not hungry.

You visited 1 branch of the dungeon, and saw 1 of its levels.

You collected 77 gold pieces.

Inventory:

Hand Weapons
 a - a +2 dagger (weapon)
Missiles
 d - 32 poisoned darts (quivered)
 f - 2 curare-tipped darts
Armour
 b - a +0 robe (worn)
 c - a +0 cloak (worn)
Scrolls
 h - a scroll of fog {unknown}
 i - 2 scrolls of remove curse {unknown}
 j - a scroll of identify {unknown}
 k - a scroll of blinking {unknown}
Potions
 l - a potion of curing {unknown}
 m - a potion of brilliance {unknown}
 n - a potion of heal wounds {unknown}
 o - a potion of degeneration {unknown}
Comestibles
 e - 2 rations


   Skills:
 + Level 2.2 Fighting
 * Level 2.8 Short Blades
 - Level 1.7 Throwing
 - Level 0.7 Dodging
 - Level 4.8 Stealth


You had 2 spell levels left.
You didn't know any spells.
Your spell library was empty.

Dungeon Overview and Level Annotations

Branches:
Dungeon (1/15)

Altars:


Innate Abilities, Weirdness & Mutations

You have extremely sharp teeth.
When hurt, damage is shared between your health and your magic reserves.
Your bite disrupts and absorbs the magic of your enemies.
Potions cannot restore your health.
You are immune to rotting.


Message History

You bite the frilled lizard.
You kill the frilled lizard!
You closely miss the frilled lizard. The frilled lizard bites you.
* * * LOW HITPOINT WARNING * * *
You closely miss the frilled lizard. You bite the frilled lizard.
You kill the frilled lizard!
The dart slug launches a dart at you. The slug dart hits you.
* * * LOW HITPOINT WARNING * * *
A goblin comes into view. It is wielding a +0 dagger.
Found 14 bolts and a club.
The goblin shouts!
Found 4 gold pieces.
The goblin hits you but does no damage. The leopard gecko misses you.
Found a scroll labeled OLUYXT ENAGEP.
The leopard gecko closely misses you.
Found a leather armour.
The leopard gecko misses you. The leopard gecko barely misses you.
The leopard gecko hisses menacingly.
You see here a bat corpse.
The leopard gecko misses you.
You miss the leopard gecko.
You bite the leopard gecko, but do no damage.
The leopard gecko closely misses you.
You closely miss the leopard gecko.
You bite the leopard gecko, but do no damage.
The leopard gecko barely misses you.
You hit the leopard gecko but do no damage.
You bite the leopard gecko.
You kill the leopard gecko!
The kobold barely misses you. The dart slug launches a dart at you.
The slug dart hits you.
* * * LOW HITPOINT WARNING * * *
You hit the dart slug.
The kobold shouts!
You hit the dart slug but do no damage. The dart slug launches a dart at you.
The slug dart misses you.
The kobold throws a stone.
The stone hits you but does no damage. The kobold hits you with a +0 club.
* * * LOW HITPOINT WARNING * * *
You hit the dart slug.
You bite the dart slug, but do no damage.
The kobold throws a stone.
The stone hits you. The kobold hits you but does no damage.
The dart slug launches a dart at you. The slug dart hits you.
You die...

.##### ## ........
.... ..## ######...
..# #..# ... ...
K..# #.###.####..#
#.#[..#$?#..#
##.#...#..#..#
##..###....w..#
##..(..K..###@.#
####..(K#..#..)#Kg#
.....#..#..#..(#.##
.(.(##..####.###.#
...###..††...g...#
)..# #############
...### .....#
##...#


You could see a dart slug, a goblin and 2 kobolds.

Vanquished Creatures
  A leopard gecko (D:1)
  3 giant cockroaches (D:1)
  2 goblins (D:1)
  3 hobgoblins (D:1)
  6 bats (D:1)
  5 frilled lizards (D:1)
  4 kobolds (D:1)
  4 rats (D:1)
28 creatures vanquished.

Notes
Turn   | Place    | Note
-------+----------+-------------------------------------------
     0 | D:1      | vurker the Vine Stalker Assassin began the quest for the
                  | Orb.
     0 | D:1      | Reached XP level 1. HP: 11/11 MP: 2/2
   191 | D:1      | Reached XP level 2. HP: 14/15 MP: 3/3
   758 | D:1      | Reached XP level 3. HP: 11/18 MP: 2/4
   809 | D:1      | Killed from afar by a dart slug

Illustrated notes

Levels and vault maps discovered:
D:1:      wander_arrival_fairy_ring, layout_rooms, minmay_octomino_c4

Skill      XL: |  1 |
---------------+----+-----
Short Blades   | 2 |  2.8
Fighting       | 2 |  2.2
Throwing       | |  1.7
Dodging        | |  0.7
Stealth        | |  4.8

Action                   || total
-------------------------++-------
Melee: Dagger            ||    85
       Bite              ||    18
 Stab: Sleeping          ||     1
Armor: Robe              ||    34
Dodge: Dodged            ||    73

Table legend:
 A = Non-vault XP
 B = Vault XP
 C = Vault XP percentage of total XP
 D = Non-vault monster count
 E = Vault monster count
 F = Vault count percentage of total count
                 A         B        C        D         E       F
            +---------+---------+-------+---------+---------+-------
      Total |      36 |       4 |  10.0 |      25 |       3 |  10.7
            +---------+---------+-------+---------+---------+-------
        D:1 |      36 |       4 |  10.0 |      25 |       3 |  10.7
            +---------+---------+-------+---------+---------+-------
